 Dungeon Crawl Stone Soup version 0.16.1 (webtiles) character file.

296 wojtek the Slicer (level 6, 0/35 HPs)
             Began as a Kobold Assassin on Mar 23, 2015.
             Was a Believer of Makhleb.
             Killed by divine providence
             ... invoked by an orc priest
              (10 damage)
             ... on level 4 of the Dungeon.
             The game lasted 00:06:30 (3167 turns).

wojtek the Slicer (Kobold Assassin)                 Turns: 3167, Time: 00:06:30

Health: 0/35       AC:  7    Str: 10    XL:     6   Next: 61%
Magic:  6/6        EV: 14    Int: 11    God:    Makhleb [**....]
Gold:   221        SH:  0    Dex: 17    Spells: 0 memorised, 5 levels left

rFire  + . .     SeeInvis .     b - +0 blowgun
rCold  . . .     Clarity  .     p - +1 robe {rF+}
rNeg   . . .     SustAb   .     (no shield)
rPois  .         Gourm    .     B - +0 helmet (curse)
rElec  .         Spirit   .     d - +0 cloak
rCorr  .         Warding  .     c - +1 pair of gloves
rMut   .         Stasis   .     (no boots)
MR     .....                    (no amulet)
Stlth  +++.......               (no ring)
                                (no ring)

@: not resistant to hostile enchantments, fairly stealthy
A: carnivore 3
a: Minor Destruction, Renounce Religion


You were on level 4 of the Dungeon.
You worshipped Makhleb.
Makhleb was pleased with you.
You were very full.

You visited 1 branch of the dungeon, and saw 4 of its levels.

You collected 221 gold pieces.

Inventory:

Hand weapons
 a - a +2 dagger
 b - a +0 blowgun (weapon)
Missiles
 e - 8 poisoned needles (quivered)
 f - 2 curare-tipped needles
Armour
 c - a +1 pair of gloves (worn)
 d - a +0 cloak (worn)
 p - a +1 robe of fire resistance (worn)
 B - a cursed +0 helmet (worn)
Jewellery
 r - a cursed ring of teleportation {unknown}
Magical devices
 z - a wand of paralysis (0)
Scrolls
 j - 3 scrolls of teleportation {unknown}
 k - 3 scrolls of identify {unknown}
 n - a scroll of enchant armour {unknown}
 o - a scroll of recharging {unknown}
 q - 4 scrolls of remove curse {unknown}
 s - a scroll of enchant weapon {unknown}
 x - a scroll of amnesia {unknown}
 y - a scroll of fear {unknown}
Potions
 h - a potion of brilliance {unknown}
 i - 2 potions of curing {unknown}
 m - a potion of agility
 t - a potion of poison {unknown}
 u - a potion of resistance {unknown}
 v - 2 potions of heal wounds {unknown}
 w - a potion of restore abilities {unknown}
 A - a potion of degeneration {unknown}
Comestibles
 g - 3 meat rations
 l - 4 chunks of flesh


   Skills:
 - Level 2.1 Fighting
 + Level 8.6 Short Blades
 - Level 2.6 Throwing
 - Level 1.2 Dodging
 - Level 5.3 Stealth


You had 5 spell levels left.
You didn't know any spells.

Dungeon Overview and Level Annotations

Branches:
Dungeon (4/15)
 Temple: D:4-7

Altars:
Makhleb
Sif Muna


Innate Abilities, Weirdness & Mutations

You are small and have problems with some larger weapons.
You are carnivorous and can eat meat at any time.


Message History

The orc wizard barely misses you.
The orc priest invokes the aid of Beogh against you.
Something smites you!
The orc moves out of view.
You hit the orc wizard.
The orc wizard is almost dead.
The orc wizard points at you and mumbles some strange words.
The magic dart hits you!
* * * LOW HITPOINT WARNING * * *
You are too injured to fight recklessly!
You hit the orc wizard.
You kill the orc wizard!
Makhleb accepts your kill.
You can now harness Makhleb's destructive might.
You feel a little better.
Wield which item (- for none, * to show all)? (? for menu, Esc to quit)
b - a +0 blowgun (weapon)
The worker ant closely misses you.
The orc priest calls down the wrath of Beogh upon you.
Something smites you!
You die...

.. #.#......# #.# #o #.#......#
#...###o####........#
.......#o............#
..$............#.....### .?
>........#####..###...#
...####.......o......######.#
##......#$####a####.).........
..........# #@####..#######...
...........####.##...## ######<
...............)..)#######..####
...=....<.###....#.).)........#
..[.....(...#.########........#
.............# #.#.)....#
.............# #####<.###
$........###.# #### #########
#.#


You could see a worker ant, an orc priest and 3 orcs.

Vanquished Creatures
  4 orc wizards (D:4)
  2 orc priests
  Ijyb (D:3)
  2 adders (D:2)
  5 worms
  3 giant geckos
  7 orcs
  A ball python (D:2)
  3 giant cockroaches
  14 goblins
  8 hobgoblins
  A quokka (D:2)
  6 bats
  A giant newt (D:1)
  6 kobolds
  A quokka skeleton (D:4)
  4 rats
69 creatures vanquished.

Notes
Turn   | Place    | Note
--------------------------------------------------------------
     0 | D:1      | wojtek, the Kobold Assassin, began the quest for the Orb.
     0 | D:1      | Reached XP level 1. HP: 12/12 MP: 1/1
    77 | D:1      | Reached XP level 2. HP: 5/17 MP: 2/2
   685 | D:2      | Reached XP level 3. HP: 19/21 MP: 3/3
  1030 | D:2      | Reached skill level 5 in Short Blades
  1087 | D:2      | Found a burning altar of Makhleb.
  1108 | D:2      | Became a worshipper of Makhleb the Destroyer
  1137 | D:2      | Reached XP level 4. HP: 26/26 MP: 4/4
  1214 | D:2      | Found a deep blue altar of Sif Muna.
  1724 | D:3      | Reached skill level 6 in Short Blades
  2055 | D:3      | Acquired Makhleb's first power
  2258 | D:3      | Noticed Ijyb
  2264 | D:3      | Paralysed by Ijyb for 7 turns
  2278 | D:3      | Paralysed by Ijyb for 4 turns
  2288 | D:3      | Paralysed by Ijyb for 3 turns
  2294 | D:3      | Killed Ijyb
  2294 | D:3      | Reached XP level 5. HP: 25/30 MP: 5/5
  2600 | D:3      | Reached skill level 7 in Short Blades
  2973 | D:4      | Reached XP level 6. HP: 30/35 MP: 6/6
  3052 | D:4      | Reached skill level 8 in Short Blades
  3166 | D:4      | Acquired Makhleb's second power
  3167 | D:4      | Killed from afar by an orc priest

Action                   |  1- 3 |  4- 6 || total
-------------------------+-------+-------++-------
Melee: Dagger            |    94 |   177 ||   271
 Fire: Blowgun           |     8 |    21 ||    29
 Stab: Sleeping          |     1 |     6 ||     7
       Distracted        |       |     1 ||     1
  Eat: Chunk             |     7 |     8 ||    15
